 Dungeon Crawl Stone Soup version 0.27.1-3-gb3d3a73c9e (webtiles) character file.

Game seed: 458931864243140498

1048 Urokeeper the Bolt Thrower (level 8, -10/49 HPs)
             Began as a Kobold Hunter on Oct 13, 2021.
             Mangled by an orc warrior (14 damage)
             ... in a bailey on Oct 14, 2021.
             The game lasted 00:33:49 (7579 turns).

Urokeeper the Bolt Thrower (Kobold Hunter)          Turns: 7579, Time: 00:33:50

Health: -10/49     AC:  7    Str:  9    XL:     8   Next: 50%
Magic:  8/8        EV: 16    Int: 13    God:
Gold:   216        SH:  0    Dex: 17    Spells: 7/7 levels left

rFire    . . .     SeeInvis .   n - +0 rapier
rCold    . . .     Faith    .   (shield restricted)
rNeg     + . .     Spirit   .   c - +0 leather armour
rPois    .         Reflect  .   v - +0 helmet
rElec    .         Harm     .   (no cloak)
rCorr    .         Rampage  +   (no gloves)
Will     .....                  k - +2 pair of boots {rampage}
Stlth    ++++......             f - amulet of regeneration
HPRegen  1.16/turn              g - ring of positive energy
MPRegen  0.11/turn              (no ring)

@: no status effects
A: small, no large weapons, nightstalker 3
a: no special abilities


You were in a bailey.
You visited 1 branch of the dungeon, and saw 7 of its levels.
You also visited: Bailey.

You collected 216 gold pieces.

Inventory:

Hand Weapons
 a - a +1 hand crossbow
 b - a +0 short sword
 e - a +0 dagger
 n - a +0 rapier (weapon)
 t - a +3 spear
Missiles
 d - 45 bolts
 o - 12 poisoned darts (quivered)
Armour
 c - a +0 leather armour (worn)
 j - a +0 robe of the Archmagi
 k - a +2 pair of boots of rampaging (worn)
 v - a +0 helmet (worn)
Jewellery
 f - an amulet of regeneration (around neck)
 g - a ring of positive energy (left hand)
 p - an amulet of faith
Wands
 r - a wand of flame (4)
Scrolls
 l - 2 scrolls of enchant armour
 m - 3 scrolls of amnesia
 u - 2 scrolls of teleportation
Potions
 h - 2 potions of degeneration
 i - 2 potions of curing
 w - a potion of brilliance {unknown}
 x - a potion of haste


   Skills:
 + Level 5.0 Fighting
 + Level 5.2 Short Blades
 + Level 7.0 Crossbows
 + Level 5.5 Dodging
 + Level 6.0 Stealth


You had 7 spell levels left.
You didn't know any spells.
Your spell library contained the following spells:

 Spells                   Type           Power      Damage    Failure   Level
 Corona                   Hex            0%         N/A       41%         1
 Foxfire                  Conj/Fire      0%         2x1d4     41%         1
 Corpse Rot               Necr/Air       N/A        N/A       54%         2
 Ensorcelled Hibernation  Hex/Ice        0%         N/A       54%         2
 Tukima's Dance           Hex            0%         N/A       78%         3
 Animate Dead             Necr           0%         N/A       99%         4
 Dispel Undead            Necr           0%         3d6       99%         4
 Borgnjor's Vile Clutch   Necr/Erth      0%         N/A       100%        5
 Death Channel            Necr           0%         N/A       100%        6


Dungeon Overview and Level Annotations

Branches:
Dungeon (7/15)             Bailey (1/1)
 Temple: D:4-7

Altars:

Annotations:
D:4 exclusions: gnoll and 4 more exclusions
D:6 1 exclusion, Maggie


Innate Abilities, Weirdness & Mutations

You are small and have problems with some larger weapons.
You are completely attuned to the shadows.


Message History

The orc warrior is severely wounded.
The orc warrior hits you with a +0 halberd!
The orc closely misses you.
You barely miss the orc warrior.
The orc warrior is severely wounded.
The orc warrior closely misses you. The orc closely misses you.
The orc warrior completely misses you. The orc misses you.
The orc barely misses you. Why would you want to do that?
The orc completely misses you.
The orc warrior hits you but does no damage.
The orc warrior completely misses you. The orc closely misses you.
The orc hits you from afar with a +0 trident.
The orc warrior completely misses you. The orc completely misses you.
The orc warrior closely misses you.
The orc warrior curses repeatedly, as Orcs often do.
Why would you want to do that?
You rampage towards the orc warrior!
The orc warrior hits you with a +0 halberd.
The orc closely misses you.
The orc warrior hits you from afar with a +4 spear!
You hit the orc warrior.
The orc warrior is almost dead.
The orc warrior closely misses you. The orc hits you but does no damage.
The orc warrior hits you from afar with a +4 spear.
You barely miss the orc warrior.
The orc warrior is almost dead.
The orc warrior hits you with a +0 halberd!
The orc hits you from afar with a +0 trident.
* * * LOW HITPOINT WARNING * * *
The orc warrior misses you.
You hit the orc warrior but do no damage.
The orc warrior is almost dead.
The orc warrior barely misses you. The orc closely misses you.
You barely miss the orc warrior.
The orc warrior is almost dead.
The orc warrior hits you from afar with a +4 spear!
* * * LOW HITPOINT WARNING * * *
The orc warrior hits you with a +0 halberd!
You die...

#.≈..## #.≈≈.o#
##.≈≈.. #∩.≈≈..
#.≈≈..# #.≈o.##
#.≈o##
#o≈.#########+
#@≈o.......o.##
#.≈≈≈≈≈≈≈≈≈≈..##.
#..........≈≈.o##
##########..≈≈..##
##..≈≈... ##..≈≈≈≈
##..... ######


You could see 2 orc warriors and 2 orcs.

Vanquished Creatures
  An orc warrior (D:7)
  An ogre (D:4)
  A necrophage (D:7)
  A phantom (D:4)
  A bullfrog (D:6)
  5 wights (D:4)
  An electric eel (D:7)
  A hound (D:4)
  A jelly (D:6)
  A gnoll shaman (D:7)
  2 orc wizards (D:7)
  A scorpion zombie (D:5)
  11 gnolls
  5 adders
  2 worms
  3 dart slugs
  10 orcs
  7 ball pythons
  5 bats
  5 endoplasms
  6 giant cockroaches
  10 goblins
  8 hobgoblins
  2 jackals (D:1)
  4 quokkas
  6 frilled lizards
  6 kobolds
107 creatures vanquished.

Notes
Turn   | Place    | Note
-------+----------+-------------------------------------------
     0 | D:1      | Urokeeper the Kobold Hunter began the quest for the Orb.
     0 | D:1      | Reached XP level 1. HP: 12/12 MP: 1/1
   114 | D:1      | Reached XP level 2. HP: 18/18 MP: 2/2
   370 | D:1      | Reached skill level 5 in Crossbows
   407 | D:1      | Reached skill level 1 in Short Blades
   834 | D:1      | Found a faded altar of an unknown god.
   840 | D:1      | Got Plato's Volume of the Arsonist
  1187 | D:1      | Reached XP level 3. HP: 22/22 MP: 3/3
  1833 | D:2      | Reached XP level 4. HP: 26/27 MP: 4/4
  4268 | D:4      | Noticed an ogre
  4567 | D:4      | Reached XP level 5. HP: 12/32 MP: 5/5
  5033 | D:4      | Reached XP level 6. HP: 8/37 MP: 6/6
  5996 | D:3      | Identified 2 scrolls of acquirement
  5996 | D:3      | Acquired an amulet of regeneration
  6003 | D:3      | Acquired a +2 pair of boots of rampaging
  6020 | D:4      | Reached skill level 6 in Crossbows
  6316 | D:4      | Reached XP level 7. HP: 34/42 MP: 7/7
  6814 | D:5      | Entered Level 5 of the Dungeon
  6841 | D:5      | Reached skill level 5 in Stealth
  6857 | D:5      | Noticed a wyvern
  6933 | D:6      | Noticed Maggie
  7058 | D:7      | Reached XP level 8. HP: 40/48 MP: 8/8
  7080 | D:7      | Reached skill level 5 in Dodging
  7214 | D:7      | Reached skill level 5 in Short Blades
  7294 | D:7      | Reached skill level 7 in Crossbows
  7362 | D:7      | Reached skill level 5 in Fighting
  7405 | D:7      | Found a flagged portal.
  7413 | Bailey   | Entered a bailey
  7579 | Bailey   | Mangled by an orc warrior

Illustrated notes

Levels and vault maps discovered:
D:1:      ncdulo_smallfort, layout_basic, shapermc_ecumenical_altar_rom_forum
D:2:      layout_basic, serial_curves, eino_curves_01, eino_curves_03,
          st_stairs_4
D:3:      layout_loops_corners, serial_forest, infiniplex_forest_straight_1,
          infiniplex_forest_lined_1, infiniplex_forest_corner_1,
          infiniplex_forest_clump_diagonal, infiniplex_forest_straight_4,
          infiniplex_forest_lined_room_3, infiniplex_forest_lined_room_3
D:4:      layout_basic
D:5:      layout_basic, tgw_xom, ebering_ghost_sewer_d, uniq_sigmund
D:6:      cheibrodos_barr_body, layout_basic, minmay_temple_entry_offerings,
          serial_shops, shop, uniq_edmund, uniq_blork_the_orc, uniq_menkaure,
          uniq_pikel, uniq_maggie
D:7:      layout_basic, enter_bailey_3, minmay_misc_feat_diagonals,
          nicolae_lava_and_water, uniq_prince_ribbit1, uniq_joseph
Bailey:   bailey_polearm_1, bailey

Skill      XL: |  1  2  3  4  5  6  7  8 |
---------------+-------------------------+-----
Crossbows      | 5 6 7 |  7.0
Short Blades   | 1 2 3 4 5 |  5.2
Stealth        | 2 3 4 5 6 |  6.0
Dodging        | 3 4 5 |  5.5
Fighting       | 3 4 5 |  5.0

Action                   |  1- 3 |  4- 6 |  7- 9 || total
-------------------------+-------+-------+-------++-------
Melee: Short sword       |    81 |       |       ||    81
       Rapier            |       |    24 |   118 ||   142
       Spear             |       |       |    34 ||    34
       Dagger            |       |       |    15 ||    15
 Fire: Hand crossbow     |    14 |   118 |    19 ||   151
Throw: Throwing net      |       |       |     1 ||     1
Evoke: Wand              |       |    12 |       ||    12
  Use: Scroll            |       |     6 |     1 ||     7
       Potion            |       |       |     5 ||     5
 Stab: Sleeping          |     9 |     4 |     6 ||    19
Armor: Leather armour    |    20 |    11 |    29 ||    60
Dodge: Dodged            |    58 |    71 |   191 ||   320
